 Dungeon Crawl Stone Soup version 0.23-a0-94-g44dc95ea49 (webtiles) character file.

172 Mirvelgyr the Sneak (level 5, -8/43 HPs)
             Began as a Gnoll Wanderer on Aug 16, 2018.
             Mangled by an ogre
             ... wielding a +0 giant club
              (20 damage)
             ... on level 4 of the Dungeon.
             The game lasted 00:03:04 (2871 turns).

Mirvelgyr the Sneak (Gnoll Wanderer)                Turns: 2871, Time: 00:03:04

Health: -8/43      AC: 12    Str: 14    XL:     5   Next: 52%
Magic:  5/7        EV:  6    Int: 16    God:
Gold:   140        SH:  0    Dex: 14    Spells: 7/7 levels left

rFire    . . .     SeeInvis .   v - +0 morningstar
rCold    . . .     Gourm    .   (no shield)
rNeg     . . .     Faith    .   u - +0 chain mail
rPois    .         Spirit   .   (no helmet)
rElec    .         Reflect  .   j - +0 cloak
rCorr    .         Harm     .   (no gloves)
MR       .....                  n - +1 pair of boots {run}
Stlth    ..........             (no amulet)
HPRegen  0.14/turn              (no ring)
MPRegen  0.10/turn              (no ring)

@: hasted, very quick
A: distributed training, fangs 1, strong nose
a: no special abilities


You were on level 4 of the Dungeon.
You were not hungry.

You visited 1 branch of the dungeon, and saw 4 of its levels.

You collected 140 gold pieces.

Inventory:

Hand Weapons
 v - a +0 morningstar (weapon)
Missiles
 c - 9 arrows
Armour
 a - a +2 scale mail
 j - a +0 cloak (worn)
 n - a +1 pair of boots of running (worn)
 u - a +0 chain mail (worn)
Wands
 e - a wand of enslavement (6)
Scrolls
 d - 3 scrolls of teleportation
 g - 2 scrolls of identify {unknown}
 k - a scroll of enchant weapon {unknown}
 p - a scroll of immolation {unknown}
 q - 3 scrolls of amnesia {unknown}
 r - 2 scrolls of random uselessness {unknown}
 s - 2 scrolls of remove curse {unknown}
Potions
 h - a potion of haste
 i - a potion of degeneration {unknown}
 l - 2 potions of curing {unknown}
 m - 2 potions of flight {unknown}
 o - 2 potions of mutation {unknown}
 t - 3 potions of resistance {unknown}
Comestibles
 f - 7 rations


   Skills:
 + Level 4.8 Fighting
 + Level 1.5 Short Blades
 + Level 1.5 Long Blades
 + Level 1.5 Axes
 + Level 1.5 Maces & Flails
 + Level 1.5 Polearms
 + Level 1.5 Staves
 + Level 1.5 Slings
 + Level 4.8 Bows
 + Level 1.5 Crossbows
 + Level 3.0 Throwing
 + Level 3.0 Armour
 + Level 1.5 Dodging
 + Level 6.1 Stealth
 + Level 1.5 Shields
 + Level 3.0 Unarmed Combat
 + Level 1.5 Spellcasting
 + Level 1.2 Conjurations
 + Level 1.2 Hexes
 + Level 1.2 Charms
 + Level 1.2 Summonings
 + Level 1.2 Necromancy
 + Level 1.2 Translocations
 + Level 1.2 Transmutations
 + Level 1.2 Fire Magic
 + Level 1.2 Ice Magic
 + Level 1.2 Air Magic
 + Level 1.2 Earth Magic
 + Level 1.2 Poison Magic
 + Level 1.7 Invocations
 + Level 1.5 Evocations


You had 7 spell levels left.
You didn't know any spells.
Your spell library contained the following spells:

 Spells                   Type           Power        Failure   Level  Hunger
 Confuse                  Hex            #.......     100%        3    ####...
 Tukima's Dance           Hex            #.......     100%        3    ####...
 Ensorcelled Hibernation  Hex/Ice        #.....       99%         2    ###....
 Corona                   Hex            #......      97%         1    ##.....
 Dazzling Spray           Conj/Hex       #.....       100%        3    ####...


Dungeon Overview and Level Annotations

Branches:
Dungeon (4/15)
 Temple: D:4-7

Altars:
Zin


Innate Abilities, Weirdness & Mutations

Your experience applies equally to all skills.
You have very sharp teeth.
Your uncanny sense of smell can sniff out nearby items.


Message History

Your Fire Magic skill increases to level 1!
Your Ice Magic skill increases to level 1!
Your Air Magic skill increases to level 1!
Your Earth Magic skill increases to level 1!
Your Poison Magic skill increases to level 1!
You have reached level 5!
Your chain mail prevents you from hitting the ogre.
The ogre hits you with a giant club!
Your chain mail prevents you from hitting the ogre.
You bite the ogre, but do no damage. The ogre hits you with a giant club.
* * * LOW HITPOINT WARNING * * *
You sock the ogre!
The ogre is heavily wounded.
You barely miss the ogre.
The ogre is heavily wounded.
The ogre barely misses you.
You hit the ogre. Your bite misses the ogre.
The ogre is heavily wounded.
The ogre hits you with a giant club!!
You die...

#.# #.#.# #.# #.#.#
######.# #.#.# #......#
#.#.## #......# #.#...
#......#######.#...
#......#.......#...
##########.#.#######...
#.....@O...#...........
#.##########>..........
#.# #......#######..
#.######.####.# #..
#.#....#.# #.# #..
#.#....#.# #.# ##.
#........# #.# #.
###....######.# #.
.###...........### ##


You could see an ogre.

Vanquished Creatures
  An ogre (D:4)
  A hound (D:3)
  An adder (D:2)
  A worm (D:4)
  A leopard gecko (D:2)
  2 orcs
  2 giant cockroaches
  2 goblins
  3 hobgoblins
  4 jackals (D:3)
  2 quokkas
  7 bats
  2 frilled lizards
  8 kobolds
  7 rats
44 creatures vanquished.

Notes
Turn   | Place    | Note
-------+----------+-------------------------------------------
     0 | D:1      | Mirvelgyr the Gnoll Wanderer began the quest for the Orb.
     0 | D:1      | Mirvelgyr set off with: a +2 scale mail, a +0 shortbow, 33 arrows, a scroll of teleportation, a +0 dagger, a ration
     0 | D:1      | Reached XP level 1. HP: 20/20 MP: 1/1
   343 | D:1      | Reached XP level 2. HP: 26/26 MP: 2/2
  1124 | D:2      | Reached XP level 3. HP: 29/31 MP: 3/3
  1169 | D:2      | Reached skill level 6 in Stealth
  1479 | D:2      | Identified a +1 pair of boots of running (You found it on level 2 of the Dungeon)
  1551 | D:3      | Reached skill level 1 in Invocations
  1630 | D:3      | Reached skill level 1 in Short Blades
  1630 | D:3      | Reached skill level 1 in Long Blades
  1630 | D:3      | Reached skill level 1 in Axes
  1630 | D:3      | Reached skill level 1 in Maces & Flails
  1630 | D:3      | Reached skill level 1 in Polearms
  1630 | D:3      | Reached skill level 1 in Staves
  1630 | D:3      | Reached skill level 1 in Slings
  1630 | D:3      | Reached skill level 1 in Crossbows
  1630 | D:3      | Reached skill level 1 in Dodging
  1630 | D:3      | Reached skill level 1 in Shields
  1630 | D:3      | Reached skill level 1 in Spellcasting
  1630 | D:3      | Reached skill level 1 in Evocations
  1630 | D:3      | Reached XP level 4. HP: 18/38 MP: 5/5
  1992 | D:3      | Found a glowing silver altar of Zin.
  2857 | D:4      | Noticed an ogre
  2857 | D:4      | Noticed an ogre
  2866 | D:4      | Killed an ogre
  2866 | D:4      | Reached skill level 1 in Conjurations
  2866 | D:4      | Reached skill level 1 in Hexes
  2866 | D:4      | Reached skill level 1 in Charms
  2866 | D:4      | Reached skill level 1 in Summonings
  2866 | D:4      | Reached skill level 1 in Necromancy
  2866 | D:4      | Reached skill level 1 in Translocations
  2866 | D:4      | Reached skill level 1 in Transmutations
  2866 | D:4      | Reached skill level 1 in Fire Magic
  2866 | D:4      | Reached skill level 1 in Ice Magic
  2866 | D:4      | Reached skill level 1 in Air Magic
  2866 | D:4      | Reached skill level 1 in Earth Magic
  2866 | D:4      | Reached skill level 1 in Poison Magic
  2866 | D:4      | Reached XP level 5. HP: 23/43 MP: 5/7
  2871 | D:4      | Mangled by an ogre

Vault maps used:
D:1:      dpeg_arrival_windows_large_door, minmay_misc_feat_roman,
          due_unseen_surprise
D:3:      zin_statuary
D:4:      ebering_ghost_reflecting_pool, minivault_19

Skill      XL: |  1  2  3  4 |
---------------+-------------+-----
Stealth        | 6 |  6.1
Invocations    | 1 |  1.7
Short Blades   | 1 |  1.5
Long Blades    | 1 |  1.5
Axes           | 1 |  1.5
Maces & Flails | 1 |  1.5
Polearms       | 1 |  1.5
Staves         | 1 |  1.5
Slings         | 1 |  1.5
Crossbows      | 1 |  1.5
Dodging        | 1 |  1.5
Shields        | 1 |  1.5
Spellcasting   | 1 |  1.5
Evocations     | 1 |  1.5
Throwing       | 3 |  3.0
Armour         | 3 |  3.0
Unarmed Combat | 3 |  3.0
Conjurations   | 1 |  1.2
Hexes          | 1 |  1.2
Charms         | 1 |  1.2
Summonings     | 1 |  1.2
Necromancy     | 1 |  1.2
Translocations | 1 |  1.2
Transmutations | 1 |  1.2
Fire Magic     | 1 |  1.2
Ice Magic      | 1 |  1.2
Air Magic      | 1 |  1.2
Earth Magic    | 1 |  1.2
Poison Magic   | 1 |  1.2
Fighting       | |  4.8
Bows           | |  4.8

Action                   |  1- 3 |  4- 6 || total
-------------------------+-------+-------++-------
Melee: Dagger            |     1 |       ||     1
       Mace              |       |    22 ||    22
       Morningstar       |       |     8 ||     8
       Bite              |       |     4 ||     4
       Punch             |       |     1 ||     1
 Fire: Shortbow          |   102 |    11 ||   113
  Use: Potion            |       |     1 ||     1
  Eat: Chunk             |     1 |     1 ||     2
       Ration            |     1 |       ||     1
Armor: Scale mail        |    31 |     1 ||    32
       Chain mail        |       |    22 ||    22
Dodge: Dodged            |    30 |     8 ||    38

Table legend:
 A = Non-vault XP
 B = Vault XP
 C = Vault XP percentage of total XP
 D = Non-vault monster count
 E = Vault monster count
 F = Vault count percentage of total count
 G = Total turns spent on level
                 A         B        C        D         E       F
            +---------+---------+-------+---------+---------+-------
      Total |     246 |       0 |   0.0 |      44 |       0 |   0.0
            +---------+---------+-------+---------+---------+-------
        D:1 |      13 |       0 |   0.0 |      10 |       0 |   0.0
        D:2 |      36 |       0 |   0.0 |      16 |       0 |   0.0
        D:3 |      67 |       0 |   0.0 |      15 |       0 |   0.0
        D:4 |     130 |       0 |   0.0 |       3 |       0 |   0.0
            +---------+---------+-------+---------+---------+-------
